 Dungeon Crawl Stone Soup version 0.23.2-33-g5129a83184 (webtiles) character file.

Game seed: 6432401636382085704

70 psyvane the Chucker (level 4, -5/61 HPs)
             Began as an Ogre Arcane Marksman on July 18, 2019.
             Was an Initiate of Makhleb.
             Slain by a black bear (6 damage)
             ... on level 2 of the Dungeon.
             The game lasted 00:09:47 (2176 turns).

psyvane the Chucker (Ogre Arcane Marksman)          Turns: 2176, Time: 00:09:48

Health: -5/61      AC: 22    Str: 15    XL:     4   Next: 21%
Magic:  1/5        EV:  1    Int: 14    God:    Makhleb [......]
Gold:   61         SH:  0    Dex:  9    Spells: 2/5 levels left

rFire    . . .     SeeInvis .   g - +0 spear
rCold    . . .     Gourm    .   (no shield)
rNeg     + + +     Faith    .   (armour currently unavailable)
rPois    +         Spirit   .   (helmet currently unavailable)
rElec    .         Reflect  .   (cloak currently unavailable)
rCorr    .         Harm     .   (gloves unavailable)
MR       .....     NoTele   +   (boots unavailable)
Stlth    +.........             (no amulet)
HPRegen  0.20/turn              (no ring)
MPRegen  0.09/turn              (no ring)

@: tree-form
A: large, unfitting armour
a: Renounce Religion


You were on level 2 of the Dungeon.
You worshipped Makhleb.
Makhleb was noncommittal.
You were very hungry.
You were a tree.
You visited 1 branch of the dungeon, and saw 2 of its levels.

You collected 61 gold pieces.

Inventory:

Hand Weapons
 g - a +0 spear (weapon)
Missiles
 h - 127 stones (quivered)
Armour
 a - a +0 robe (melded)
Scrolls
 e - a scroll of remove curse {unknown}
 i - a scroll of fog {unknown}
 j - 2 scrolls of identify {unknown}
 k - a scroll of teleportation {unknown}
 l - a scroll of enchant weapon {unknown}
 m - a scroll of amnesia {unknown}
Comestibles
 f - 3 rations


   Skills:
 - Level 1.3 Fighting
 * Level 4.3 Throwing
 - Level 1.7 Dodging
 - Level 1.2 Spellcasting
 - Level 2.6 Hexes


You had 2 spell levels left.
You knew the following spells:

 Your Spells              Type           Power        Failure   Level  Hunger
a - Corona                Hex            #......      9%          1    ##.....
b - Slow                  Hex            #.......     13%         2    ###....

Your spell library contained the following spells:

 Spells                   Type           Power        Failure   Level  Hunger
 Inner Flame              Hex/Fire       #.......     41%         3    ####...
 Portal Projectile        Hex/Tloc       #.....       41%         3    ####...
 Cause Fear               Hex            #.........   65%         4    #####..
 Leda's Liquefaction      Hex/Erth       #.........   83%         4    #####..


Dungeon Overview and Level Annotations

Branches:
Dungeon (2/15)

Altars:
Hepliaklqana
Makhleb
Okawaru
Sif Muna


Innate Abilities, Weirdness & Mutations

You are too large for most types of armour.
((You have tough skin. (AC +1)))


Message History

The black bear claws you but does no damage. x2
You hit the black bear.
The black bear is severely wounded.
The black bear bites you but does no damage.
The black bear claws you.
* * * LOW HITPOINT WARNING * * *
The black bear claws you but does no damage.
The goblin hits you.
* * * LOW HITPOINT WARNING * * *
You hit the black bear.
The black bear is almost dead.
The black bear bites you but does no damage.
The black bear claws you but does no damage. x2
The goblin hits you but does no damage. The black bear bites you.
* * * LOW HITPOINT WARNING * * *
The black bear claws you but does no damage. x2
You hit the black bear.
The black bear is almost dead.
The black bear bites you.
You die...

#.......................##..
#.#.#...#.##.#####.####.....
#g#.#..........#......)..#..
#.(........###..............
#.#.#.....#......#.###......
#.#.#..............####.#...
#######.##......................
..............g.######.####.#.#.
########.##....h♣........#.......
....................###..#####.#.
.......)....##++##..# ........
...........#....PP#.# #.##..#.
####.###...#P.....÷.# ####.
#.###...#P....P#.# ..
####.......P......#.# ...
#(...####............. .#.
#.##.####..#......#.... #.


You could see a black bear (berserk) and a goblin.

Vanquished Creatures
  A crimson imp (D:2)
  A dart slug (D:1)
  4 bats
  A giant cockroach (D:1)
  9 hobgoblins
  A quokka (D:2)
  4 frilled lizards
  7 goblins
  3 kobolds (D:1)
31 creatures vanquished.

Notes
Turn   | Place    | Note
-------+----------+-------------------------------------------
     0 | D:1      | psyvane the Ogre Arcane Marksman began the quest for the
                  | Orb.
     0 | D:1      | Reached XP level 1. HP: 19/19 MP: 2/2
   344 | D:1      | Reached XP level 2. HP: 19/27 MP: 0/3
   348 | D:1      | Learned a level 2 spell: Slow
   721 | D:1      | Reached skill level 3 in Throwing
  1207 | D:1      | Reached XP level 3. HP: 33/33 MP: 2/4
  1552 | D:2      | Found a deep blue altar of Sif Muna.
  1553 | D:2      | Found an iron altar of Okawaru.
  1554 | D:2      | Found a burning altar of Makhleb.
  1616 | D:2      | Reached skill level 4 in Throwing
  1616 | D:2      | Reached XP level 4. HP: 30/41 MP: 0/5
  1737 | D:2      | Became a worshipper of Makhleb the Destroyer
  2038 | D:2      | Found a hazy altar of Hepliaklqana.
  2149 | D:2      | Noticed a black bear
  2175 | D:2      | HP: 1/61 [black bear (5)]
  2176 | D:2      | Slain by a black bear

Skill      XL: |  1  2  3 |
---------------+----------+-----
Throwing       | 3 4 |  4.3
Fighting       | |  1.3
Dodging        | |  1.7
Spellcasting   | |  1.2
Hexes          | |  2.6

Action                   |  1- 3 |  4- 6 || total
-------------------------+-------+-------++-------
Melee: Unarmed           |    57 |       ||    57
       Spear             |    88 |    26 ||   114
Throw: Large rock        |     6 |     4 ||    10
       Stone             |       |    13 ||    13
       Throwing net      |       |     2 ||     2
 Cast: Corona            |    40 |    10 ||    50
       Slow              |     1 |     2 ||     3
  Use: Potion            |       |     3 ||     3
  Eat: Chunk             |     3 |     2 ||     5
Armor: Robe              |    73 |    10 ||    83
       Skin              |       |    35 ||    35
Dodge: Dodged            |    83 |    33 ||   116
